 Dungeon Crawl Stone Soup version 0.30-a0-777-ga9a30cbeda (webtiles) character file.

Game seed: 14631159757831768541

58 Flugslaktarn the Chopper (level 4, -1/40 HPs)
             Began as a Hill Orc Fighter on Feb 13, 2023.
             Killed from afar by Ijyb (12 damage)
             ... with a puff of flame
             ... on level 3 of the Dungeon.
             The game lasted 00:00:53 (1872 turns).

Flugslaktarn the Chopper (Hill Orc Fighter)         Turns: 1872, Time: 00:00:54

Health: -1/40      AC:  8    Str: 20    XL:     4   Next: 1%
Magic:  4/4        EV:  9    Int:  8    God:
Gold:   126        SH:  4    Dex: 10    Spells: 3/3 levels left

rFire   . . .      SeeInvis .    a - +0 war axe
rCold   . . .      Faith    .    c - +0 buckler
rNeg    . . .      Spirit   .    b - +0 scale mail
rPois   .          Reflect  .    (no helmet)
rElec   .          Harm     .    (no cloak)
rCorr   +          Rampage  .    q - +0 pair of gloves
Will    .....                    (no boots) Stlth
                                 (no amulet)
HPRegen 0.26/turn                k - ring of resist corrosion
MPRegen 0.09/turn                (no ring)

@: no status effects
A: no striking features
a: no special abilities


You were on level 3 of the Dungeon.
You visited 1 branch of the dungeon, and saw 3 of its levels.

You collected 126 gold pieces.

Inventory:

Hand Weapons
 a - a +0 war axe (weapon)
Armour
 b - a +0 scale mail (worn)
 c - a +0 buckler (worn)
 q - a +0 pair of gloves (worn)
   (You found it on level 2 of the Dungeon)
Jewellery
 k - a ring of resist corrosion (left hand)
   (You found it on level 1 of the Dungeon)
Scrolls
 e - 2 scrolls of amnesia {unknown}
 g - a scroll of poison {unknown}
 h - a scroll of fear {unknown}
 i - 4 scrolls of identify {unknown}
 j - a scroll of blinking {unknown}
 n - a scroll of enchant weapon {unknown}
 r - a scroll of fog {unknown}
Potions
 d - a potion of might
 l - a potion of resistance {unknown}
 m - a potion of curing {unknown}
 o - 2 potions of mutation {unknown}
 p - 2 potions of flight {unknown}
 w - a potion of heal wounds


   Skills:
 + Level 4.2 Fighting
 * Level 4.3 Axes
 + Level 3.9 Armour
 - Level 3.2 Shields


You had 3 spell levels left.
You didn't know any spells.
Your spell library was empty.

Dungeon Overview and Level Annotations

Branches:
Dungeon (3/15)

Altars:

Shops:
D:2 [

Annotations:
D:3 Ijyb


Message History

No target in view!
No target in view!
Things that are here:
a +0 flail; an orc corpse You open the door.
A rat and a ball python come into view.
The ball python hisses angrily.
You hear a shout!
A kobold comes into view. It is wielding a +0 dagger.
The rat moves out of view.
There are monsters nearby!
There are monsters nearby!
Found a glowing whip.
The ball python bites you. The ball python grabs you.
The ball python constricts you.
There is an open door here.
You hit the ball python.
The ball python is heavily wounded.
The ball python bites you but does no damage.
The ball python constricts you.
You slash the ball python!
You kill the ball python!
You barely miss the kobold. You block the kobold's attack.
You slash the rat!
You kill the rat!
You barely miss the kobold. The kobold hits you with a +0 dagger.
The kobold hits you but does no damage.
You barely miss the kobold. You block the kobold's attack.
You closely miss the kobold. The kobold barely misses you.
You slash the kobold!
You kill the kobold!
No target in view!
No target in view!
No target in view!
No target in view!
No target in view!
HP restored.
Things that are here:
a +0 dagger; a kobold corpse You see here a +1 whip of venom.
An adder comes into view.
Found a stone staircase leading down.
The adder hisses angrily.
An adder is nearby!
An adder is nearby!
You hit the adder.
The adder is lightly wounded.
The adder bites you but does no damage. The adder closely misses you.
You hit the adder but do no damage.
The adder is lightly wounded.
The adder bites you but does no damage.
You slash the adder!
You kill the adder!
You have reached level 4!
Ijyb the Twisted Goblin comes into view.
She is wielding a +0 dagger and carrying a wand of flame (12).
Ijyb shouts!
Ijyb screams, "Me kill you!"
You see here a scroll labelled LACSAKHL FODOM.
Ijyb is nearby!
Ijyb is nearby!
You block Ijyb's attack.
You hit Ijyb.
Ijyb is moderately wounded.
Ijyb hits you but does no damage. x2
You hit Ijyb.
Ijyb is moderately wounded.
Ijyb zaps a wand.
The puff of flame hits you!
You barely miss Ijyb.
Ijyb is moderately wounded.
Ijyb barely misses you.
Ijyb zaps a wand.
The puff of flame misses you.
You slash Ijyb!
Ijyb is severely wounded.
Ijyb hits you with a +0 dagger.
You hit Ijyb.
Ijyb is almost dead.
Ijyb hits you with a +0 dagger.
You hit Ijyb but do no damage.
Ijyb is almost dead.
Ijyb hits you with a +0 dagger.
You completely miss Ijyb.
Ijyb is almost dead.
Ijyb zaps a wand.
The puff of flame hits you!
Ijyb drinks a potion.
Ijyb is healed!
w - a potion of heal wounds You hit Ijyb but do no damage.
Ijyb hits you but does no damage.
You miss Ijyb.
Ijyb zaps a wand.
The puff of flame hits you but does no damage.
Ijyb zaps a wand.
The puff of flame misses you.
You hit Ijyb but do no damage. Ijyb barely misses you.
You closely miss Ijyb. Ijyb barely misses you.
You barely miss Ijyb.
Ijyb zaps a wand.
The puff of flame hits you!
* * * LOW HITPOINT WARNING * * *
Ijyb hits you but does no damage.
You barely miss Ijyb. Ijyb barely misses you.
You hit Ijyb.
Ijyb is lightly wounded.
Ijyb closely misses you. Ijyb barely misses you.
Unknown command.
You hit Ijyb.
Ijyb is heavily wounded.
Ijyb zaps a wand.
The puff of flame hits you!
You die...

....#.#....##...##
#..................
...#...###.###...##
#..#...............
#..#..>...#.##)..##
##..#......#.##...#
.$.#......#.##...#
#######g#......#.##...#
.......@.......#.######
..#####.#......#.#
+.....?.####.#.#
#######.# #.# #.# .#
#.# .# #.# #.# #.#


You could see Ijyb.

Vanquished Creatures
  An adder (D:3)
  2 worms (D:2)
  An orc (D:3)
  8 ball pythons
  3 bats
  7 goblins
  7 hobgoblins
  3 jackals (D:2)
  4 kobolds
  3 rats
39 creatures vanquished.

Notes
Turn   | Place    | Note
-------+----------+-------------------------------------------
     0 | D:1      | Flugslaktarn the Hill Orc Fighter began the quest for the
                  | Orb.
     0 | D:1      | Reached XP level 1. HP: 19/19 MP: 1/1
   357 | D:1      | Reached XP level 2. HP: 27/27 MP: 2/2
   988 | D:2      | Reached XP level 3. HP: 33/33 MP: 3/3
  1417 | D:2      | Found Ciskum's Antique Armour Emporium.
  1848 | D:3      | Reached XP level 4. HP: 40/40 MP: 4/4
  1855 | D:3      | Noticed Ijyb
  1872 | D:3      | Killed from afar by Ijyb

Illustrated notes

Levels and vault maps discovered:
D:1:      heliophobic_arrival_dark_side_of_the_moon, layout_loops_corners,
          minivault_11
D:2:      layout_loops_cross, serial_shops, nicolae_shop_trees
D:3:      layout_basic, gammafunk_ghost_stat_death, uniq_ijyb

Skill      XL: |  1  2  3 |
---------------+----------+-----
Axes           | 3 4 |  4.3
Fighting       | 4 |  4.2
Armour         | |  3.9
Shields        | |  3.2

Action                     |  1- 3 |  4- 6 || total
---------------------------+-------+-------++-------
  Melee: War axe           |   106 |    15 ||   121
 Armour: Scale mail        |    49 |     5 ||    54
  Dodge: Dodged            |    49 |     8 ||    57
  Block: Buckler           |    20 |     1 ||    21

Table legend: (Time is in decaauts)
 A = Elapsed time spent in this place.
 B = Non-inter-level travel time spent in this place.
 C = Inter-level travel time spent in this place.
 D = Time resting spent in this place.
 E = Time spent auto-exploring this place.
 F = Levels seen in this place.
 G = Mean time per level.
                   A        B        C        D        E       F      G
               +--------+--------+--------+--------+--------+-----+--------+
         Total |   1915 |   1816 |     99 |      0 |   1505 |   3 |  638.3 |
       Dungeon |   1915 |   1816 |     99 |      0 |   1505 |   3 |  638.3 |
               +--------+--------+--------+--------+--------+-----+--------+

Top non-repeatable levels by time:
     D:1: 945 daAuts
     D:2: 804 daAuts
     D:3: 165 daAuts
